 Dungeon Crawl Stone Soup version 0.28.0-45-g0d030f2227 (webtiles) character file.

Game seed: 3809042715821172183

2374 Icepheonix32 the Arsonist (level 9, -5/44 (45) HPs)
             Began as a Tengu Fire Elementalist on Apr 16, 2022.
             Was a Believer of Qazlal.
             Slain by a wyvern skeleton (9 damage)
             ... on level 7 of the Dungeon.
             The game lasted 00:11:55 (8569 turns).

Icepheonix32 the Arsonist (Tengu Fire Elementalist) Turns: 8569, Time: 00:11:56

HP:   -5/44 (45)    AC:  8    Str:  5 (8)  XL:     9   Next: 45%
MP:   4/13          EV: 16    Int: 17 (20) God:    Qazlal [**....]
Gold: 327           SH:  3    Dex: 12 (15) Spells: 3/12 levels left

rFire   . . .      SeeInvis .   u - +4 falchion
rCold   . . .      Faith    .   (no shield)
rNeg    . . .      Spirit   .   l - +0 steam dragon scales
rPois   +          Reflect  .   (helmet restricted)
rElec   .          Harm     .   r - +0 cloak
rCorr   .          Rampage  .   w - +0 pair of gloves
Will    .....                   (boots unavailable)
Stlth   +.........              (no amulet)
HPRegen 0.14/turn               c - ring of wizardry
MPRegen 0.13/turn               (no ring)

@: flying quickly and evasively, lightly drained, quick
A: beak, talons 3, nimble flight, horns 1, poison resistance
a: Renounce Religion, Upheaval


You were on level 7 of the Dungeon.
You worshipped Qazlal.
Qazlal was pleased with you.
You visited 1 branch of the dungeon, and saw 7 of its levels.

You collected 327 gold pieces.

Inventory:

Hand Weapons
 a - a +2 scimitar of flaming
 k - a +3 short sword of freezing
 s - a +2 dagger of speed
 u - a +4 falchion (weapon)
 y - a +1 dagger of electrocution
Missiles
 d - 6 curare-tipped darts
 g - 3 throwing nets
 t - 4 boomerangs
Armour
 b - a +0 ring mail
 f - a +0 leather armour
 j - a +0 ring mail
 l - +0 steam dragon scales (worn)
 m - a +0 buckler
 r - a +0 cloak (worn)
 w - a +0 pair of gloves (worn)
Jewellery
 c - a ring of wizardry (left hand)
Wands
 o - a wand of paralysis (14)
Scrolls
 e - a scroll of vulnerability {unknown}
 n - 3 scrolls of silence
 p - a scroll of teleportation {unknown}
 x - a scroll of fog
 B - 2 scrolls of enchant weapon
 C - a scroll of identify
 D - a scroll of fear {unknown}
Potions
 h - 2 potions of brilliance
 i - a potion of mutation
 z - a potion of heal wounds
 A - a potion of berserk rage {unknown}


   Skills:
 - Level 3.6 Armour
 + Level 4.9 Dodging
 - Level 2.0 Stealth
 * Level 4.9 Shields
 - Level 2.0 Spellcasting
 + Level 7.1 Conjurations
 + Level 9.6 Fire Magic


You had 3 spell levels left.
You knew the following spells:

 Your Spells              Type           Power      Damage    Failure   Level
a - Foxfire               Conj/Fire      100%       2x1d9     1%          1
b - Scorch                Fire           68%        2d8       1%          2
c - Conjure Flame         Conj/Fire      30%        6-21      1%          3
d - Inner Flame           Hex/Fire       18%        N/A       3%          3

Your spell library contained the following spells:

 Spells                   Type           Power      Damage    Failure   Level
 Flame Wave               Conj/Fire      30%        2d8       2%          4


Dungeon Overview and Level Annotations

Branches:
Dungeon (7/15)
 Temple: D:4-7

Altars:
Cheibriados
Gozag
Kikubaaqudgha
Qazlal
Sif Muna
Trog
Wu Jian

Shops:
D:5 =


Innate Abilities, Weirdness & Mutations

You have a beak for a mouth.
You have claws for feet.
Your magical nature lets you fly swiftly and evasively.
You have a pair of small horns on your head.
Your system is resistant to poisons. (rPois)


Message History

You barely miss the bullfrog. You claw the bullfrog.
Your peck misses the bullfrog.
The bullfrog is almost dead.
The bullfrog hits you. The bullfrog barely misses you.
You hit the bullfrog.
You kill the bullfrog!
Qazlal accepts your kill.
The wight hits you with a +3 short sword!
You hit the wight but do no damage. Your kick misses the wight.
Your peck misses the wight.
The wight hits you with a +3 short sword.
You hit the wight. Your kick misses the wight. Your peck misses the wight.
The wight is lightly damaged.
The wight closely misses you.
You hit the wight. You claw the wight, but do no damage.
The wight is lightly damaged.
The wight barely misses you. x2
Casting: Scorch (safe; 1% risk of failure)
Confirm with . or Enter, or press ? or * to list all spells.
Okay, then.
You hit the wight. You claw the wight. Your peck misses the wight.
The wight is almost destroyed.
The wight hits you with a +3 short sword.
You feel drained.
* * * LOW HITPOINT WARNING * * *
Unknown command.
You hit the wight.
You destroy the wight!
Qazlal accepts your kill. The wight hits you with a +3 scimitar.
* * * LOW HITPOINT WARNING * * *
You feel drained.
* * * LOW HITPOINT WARNING * * *
A wyvern skeleton comes into view.
An orc comes into view. It is wielding a +0 mace.
The wyvern skeleton bites you!
* * * LOW HITPOINT WARNING * * *
Found an ornate altar of the Wu Jian Council.
The wyvern skeleton bites you!
You die...

#..+####.....#
## #.....##
#......#
#z.....#
#...?..#
#......#
#z§....#
#.Z....#
+@.....#
#.........#
##........#
#........#
##.......#
#..o.....#
..........
≈≈._.≈≈≈..


You could see 2 wights, an orc and a wyvern skeleton.

Vanquished Creatures
  Maggie (D:6)
  Eustachio (D:4)
  Edmund (D:5)
  An orc warrior (D:6)
  A black bear (D:5)
  2 ice beasts (D:5)
  2 ogres
  A centaur (D:6)
  A phantom (D:6)
  A bullfrog (D:7)
  A scorpion (D:6)
  A water moccasin skeleton (D:5)
  7 wights
  2 centaur zombies (D:6)
  A bullfrog skeleton (D:5)
  A jelly (D:5)
  A gnoll shaman (D:6)
  5 iguanas
  4 orc wizards
  13 gnolls (D:6)
  A howler monkey skeleton (D:6)
  5 adders
  An ufetubus (D:5)
  An adder skeleton (D:4)
  3 worms
  23 orcs
  3 bats
  7 endoplasms
  A giant cockroach (D:4)
  9 goblins
  9 hobgoblins
  3 quokkas
  11 ball pythons
  3 frilled lizards (D:1)
  8 kobolds
  10 rats
146 creatures vanquished.

Vanquished Creatures (collateral kills)
  6 foxfires
6 creatures vanquished.

Vanquished Creatures (others)
  442 foxfires
  5 plants
447 creatures vanquished.

Grand Total: 599 creatures vanquished

Notes
Turn   | Place    | Note
-------+----------+-------------------------------------------
     0 | D:1      | Icepheonix32 the Tengu Fire Elementalist began the quest
                  | for the Orb.
     0 | D:1      | Reached XP level 1. HP: 10/10 MP: 4/4
   490 | D:1      | Reached XP level 2. HP: 2/15 MP: 1/6
  1212 | D:1      | Reached skill level 4 in Fire Magic
  1303 | D:1      | Reached XP level 3. HP: 19/19 MP: 3/7
  1902 | D:2      | Found a stormy altar of Qazlal.
  1923 | D:2      | Became a worshipper of Qazlal Stormbringer
  2149 | D:2      | Learned a level 2 spell: Scorch
  2153 | D:2      | Learned a level 3 spell: Conjure Flame
  2506 | D:2      | Reached XP level 4. HP: 24/24 MP: 8/8
  3205 | D:3      | Found a faded altar of an unknown god.
  3372 | D:3      | Reached * piety under Qazlal
  3577 | D:3      | Reached skill level 5 in Fire Magic
  3577 | D:3      | Gained mutation: Your magical nature lets you fly swiftly
                  | and evasively. [Tengu growth]
  3577 | D:3      | Reached XP level 5. HP: 12/28 MP: 5/9
  3992 | D:3      | Found a shimmering blue altar of Sif Muna.
  4323 | D:4      | Noticed Eustachio
  4353 | D:4      | Gained mutation: You have a pair of small horns on your
                  | head. [potion of mutation]
  4353 | D:4      | Gained mutation: Your system is resistant to poisons.
                  | (rPois) [potion of mutation]
  4394 | D:4      | Killed Eustachio
  4395 | D:4      | Reached skill level 1 in Shields
  4395 | D:4      | Reached XP level 6. HP: 22/32 MP: 0/10
  4616 | D:4      | Reached skill level 1 in Armour
  4623 | D:4      | Learned a level 3 spell: Inner Flame
  4696 | D:4      | Found an opulent altar of Gozag.
  5100 | D:4      | Found a snail-covered altar of Cheibriados.
  5226 | D:5      | Entered Level 5 of the Dungeon
  5455 | D:5      | Reached skill level 6 in Fire Magic
  5533 | D:5      | Noticed Edmund
  5546 | D:5      | Reached XP level 7. HP: 20/36 MP: 1/11
  5549 | D:5      | Killed Edmund
  5563 | D:5      | Reached skill level 5 in Conjurations
  5955 | D:5      | Found an ancient bone altar of Kikubaaqudgha.
  5977 | D:5      | Reached ** piety under Qazlal
  5978 | D:5      | Reached skill level 7 in Fire Magic
  6058 | D:5      | Reached XP level 8. HP: 41/41 MP: 4/12
  6202 | D:5      | Found a bloodstained altar of Trog.
  7180 | D:5      | Found Omaed's Jewellery Shop.
  7344 | D:6      | Noticed Maggie
  7350 | D:6      | Reached skill level 8 in Fire Magic
  7369 | D:6      | Killed Maggie
  7581 | D:6      | Reached XP level 9. HP: 45/45 MP: 0/13
  7662 | D:6      | Reached skill level 9 in Fire Magic
  8569 | D:7      | Found an ornate altar of the Wu Jian Council.
  8569 | D:7      | Slain by a wyvern skeleton

Illustrated notes

Levels and vault maps discovered:
D:1:      lightli_arrival_farm, layout_basic, minmay_misc_feat_hallway,
          minmay_distorted
D:2:      layout_basic, basic_altar
D:3:      cheibrodos_greedy_goblins, layout_basic, mainiacjoe_overflow_chevrons,
          hellmonk_ecumenical_altar_pennies_from_heaven
D:4:      layout_basic, grunt_gozag_statues, kennysheep_mini_moat,
          minmay_liquid_box, kennysheep_generic_room_15, uniq_eustachio
D:5:      layout_basic, mainiacjoe_overflow_brackets,
          mainiacjoe_overflow_concentric_impassable,
          minmay_shop_enchanted_jewellery, serial_bayou_ford_a, uniq_edmund
D:6:      layout_cave_pools, uniq_maggie
D:7:      layout_cave_pods, mainiacjoe_overflow_six_doors_small,
          mainiacjoe_overflow_divided_tiny, mainiacjoe_overflow_large_starburst,
          minmay_temple_entry_butterflies, enter_bailey_3

Skill      XL: |  1  2  3  4  5  6  7  8  9 |
---------------+----------------------------+-----
Fire Magic     | 4 5 6 7 8 9 |  9.6
Conjurations   | 2 3 4 5 6 7 |  7.1
Dodging        | 3 4 |  4.9
Shields        | 1 2 4 |  4.9
Armour         | 1 2 3 |  3.6
Stealth        | |  2.0
Spellcasting   | |  2.0

Action                   |  1- 3 |  4- 6 |  7- 9 || total
-------------------------+-------+-------+-------++-------
Melee: Unarmed           |    10 |       |       ||    10
       Peck              |     5 |    10 |     5 ||    20
       Kick              |     7 |    10 |    11 ||    28
       Mace              |    12 |       |       ||    12
       Long sword        |     3 |     8 |       ||    11
       Punch             |     1 |     3 |       ||     4
       Hand axe          |       |    16 |       ||    16
       Falchion          |       |    67 |    31 ||    98
       Headbutt          |       |     1 |     6 ||     7
 Cast: Foxfire           |    88 |    72 |   111 ||   271
       Scorch            |       |    14 |    29 ||    43
  Use: Scroll            |     1 |     6 |       ||     7
       Potion            |       |     5 |     2 ||     7
 Stab: Sleeping          |       |     2 |       ||     2
Armor: Robe              |     2 |       |       ||     2
       Leather armour    |     1 |    14 |     3 ||    18
       Skin              |       |    43 |       ||    43
       Steam dragon scal |       |       |     7 ||     7
Dodge: Dodged            |    27 |    45 |    39 ||   111
Block: Other             |       |     4 |     3 ||     7
